 Dungeon Crawl Stone Soup version 0.27.1-33-g824d729ab1 (webtiles) character file.

Game seed: 652822469217126115

7819 KamiKatze the Cleaver (level 11, -6/106 HPs)
             Began as a Gargoyle Berserker on Dec 24, 2021.
             Was a High Priest of Trog.
             Mangled by an orc warlord (42 damage)
             ... in a bailey on Dec 25, 2021.
             The game lasted 00:56:28 (10934 turns).

KamiKatze the Cleaver (Gargoyle Berserker)         Turns: 10934, Time: 00:56:28

Health: -6/106     AC: 24    Str: 29    XL:     11   Next: 21%
Magic:  11/11      EV: 12    Int:  9    God:    Trog [*****.]
Gold:   610        SH: 12    Dex:  9    Spells: 10/10 levels left

rFire    + + .     SeeInvis .   G - +1 broad axe (flame)
rCold    + + .     Faith    .   W - +2 kite shield {rC+ rF+}
rNeg     + . .     Spirit   .   v - +3 scale mail
rPois    ∞         Reflect  .   s - +0 helmet
rElec    +         Harm     .   k - scarf {rC+ rF+}
rCorr    .         Rampage  .   N - +0 pair of gloves
Will     ++...                  F - +1 pair of boots
Stlth    ..........             (no amulet)
HPRegen  1.27/turn              Q - +6 ring of strength
MPRegen  0.12/turn              D - +4 ring of evasion

@: berserking (expiring), strong-willed (expiring), regenerating (expiring),
studying Armour, very quick
A: sickness immunity, AC +8, negative energy resistance 1, electricity
resistance, torment resistance 1, petrification resistance
a: Renounce Religion, Berserk, Trog's Hand, Brothers in Arms


You were in a bailey.
You worshipped Trog.
Trog was extremely pleased with you.
You visited 2 branches of the dungeon, and saw 12 of its levels.
You also visited: Bailey.

You collected 610 gold pieces.

Inventory:

Hand Weapons
 a - a +1 hand axe of protection
 b - a +0 war axe
 d - a +0 dire flail
 r - a +0 vorpal trident
 w - a +4 flail
 G - a +1 broad axe of flaming (weapon)
 L - a +1 flail of protection
 M - a +0 broad axe
Missiles
 c - 128 stones
 y - 2 atropa-tipped darts
 H - 39 poisoned darts (quivered)
Armour
 f - a +0 chain mail
 k - a scarf of resistance (worn)
 p - a +0 cloak
 s - a +0 helmet (worn)
 v - a +3 scale mail (worn)
 E - the +0 ring mail "Cudeguxte" {rCorr Str+2}
   (You found it on level 11 of the Dungeon)

   Str:       It affects your strength (+2).
   rCorr:     It protects you from acid and corrosion.
 F - a +1 pair of boots (worn)
 K - the +5 robe of Night {Dark Will+ SInv}
   (You found it on level 7 of the Dungeon)

   It shrouds the wearer in darkness, reducing the range at which they can see
   and be seen by others.
   SInv:      It lets you see invisible.
   Will:      It increases your willpower.
 N - a +0 pair of gloves (worn)
 R - a +0 tower shield
 W - a +2 kite shield of resistance (worn)
 Y - a +0 plate armour
Jewellery
 q - a ring of protection from cold
 D - a +4 ring of evasion (right hand)
 Q - a +6 ring of strength (left hand)
Wands
 j - a wand of flame (22)
 B - a wand of polymorph (15)
 O - a wand of paralysis (10)
 V - a wand of iceblast (6)
Scrolls
 e - a scroll of acquirement
 h - 2 scrolls of magic mapping
 t - 4 scrolls of teleportation
 I - a scroll of noise {unknown}
 J - a scroll of enchant armour
 S - 3 scrolls of enchant weapon
 U - a scroll of holy word
 X - a scroll of blinking {unknown}
Potions
 g - 2 potions of attraction
 i - 2 potions of mutation {unknown}
 l - 3 potions of magic
 m - 2 potions of heal wounds
 n - 4 potions of invisibility
 o - 2 potions of curing
 u - 2 potions of lignification {unknown}
 x - a potion of resistance
 z - 2 potions of might
 A - a potion of haste
 C - a potion of cancellation
 P - a potion of berserk rage {unknown}
 T - a potion of flight {unknown}


   Skills:
 + Level 9.2 Fighting
 * Level 10.4 Axes
 + Level 9.3 Armour
 - Level 2.0 Dodging
 * Level 4.8 Shields
 + Level 4.6 Evocations


You had 10 spell levels left.
You didn't know any spells.
Your spell library was empty.

Dungeon Overview and Level Annotations

Branches:
Dungeon (11/15)            Temple (1/1) D:7            Lair (0/6) D:11
    Orc (0/2) D:10         Bailey (1/1)

Altars:
Ashenzari
Cheibriados
Dithmenos
Elyvilon
Fedhas
Gozag
Hepliaklqana
Kikubaaqudgha
Makhleb
Nemelex Xobeh
Okawaru
Qazlal
Ru
Sif Muna
Trog
Uskayaw
Vehumet
Wu Jian
Xom
Yredelemnul
Zin
The Shining One

Annotations:
D:10 1 runed translucent door (w:1 XP gidding), exclusion: door, yoloboy69's ghost, journeyman TrMo


Innate Abilities, Weirdness & Mutations

You are immune to sickness and miasma.
Your stone body is resilient. (AC +8)
You are immune to poison.
You resist negative energy. (rN+)
You are resistant to electric shocks. (rElec)
You are resistant to unholy torment.
You are immune to petrification.


Message History

The orc knight no longer looks unusually strong.
You hit the orc warlord. You burn the orc warlord.
The orc warlord is lightly wounded.
You hit the orc knight but do no damage.
The orc knight hits you with a +0 war axe!
* * * LOW HITPOINT WARNING * * *
You closely miss the orc warrior. You slash the orc warlord!
You burn the orc warlord. You slice the orc knight!! You burn the orc knight!
You kill the orc knight!
Trog accepts your kill.
The orc warlord hits you with a +2 dire flail of protection!
* * * LOW HITPOINT WARNING * * *
You closely miss the orc warrior. You hit the orc warlord.
You burn the orc warlord.
The orc warrior no longer looks unusually strong.
The orc warrior hits you but does no damage.
You block the orc warlord's attack.
Unknown command.
You hit the orc warlord but do no damage.
The orc warlord is moderately wounded.
You closely miss the orc warrior. The orc warrior closely misses you.
The orc warlord roars a battlecry!
The orc warrior goes into a battle-frenzy!
Unknown command.
You slice the orc warlord!! You burn the orc warlord.
The orc warlord is heavily wounded.
You closely miss the orc warrior.
The orc warrior hits you but does no damage.
Unknown command.
You slash the orc warlord! You burn the orc warlord.
The orc warlord is severely wounded.
You hit the orc warrior. You burn the orc warrior.
The orc warlord barely misses you. The orc warrior closely misses you.
Unknown command.
You slash the orc warlord! You burn the orc warlord.
The orc warlord is almost dead.
You barely miss the orc warrior.
You feel the effects of Trog's Hand fading.
The orc warlord hits you with a +2 dire flail of protection!!!
You die...

##.........##88o88##..
#.....⌠.....###o###...
##.........## .g###..
#.....))..# ....#..
##.......## g...##.
#.......# #. ##.g...##
## ##o#### # ##)@o..##
## #.)))...# #.
##.......## ##.
#.........# #..
##.........## ##..
#.....⌠.....#######..)
##.........##.....##..
#.........#.......#[.
##.......##.......##.


You could see an orc warlord (strong), an orc warrior (strong) and a goblin.

Vanquished Creatures
  A two-headed ogre (D:10)
  2 orc knights (Bailey)
  A manticore (D:6)
  Joseph (D:7)
  A hornet (D:8)
  A meliai zombie (D:10)
  Sigmund (D:3)
  2 wraiths
  2 wyverns
  A steam dragon (D:8)
  2 wargs (D:11)
  A water moccasin (D:7)
  An ogre (D:6)
  4 orc warriors
  A black bear (D:6)
  2 sky beasts
  A necrophage (D:6)
  5 centaurs
  A phantom (D:4)
  Blork the orc (D:4)
  4 kobold brigands
  3 bullfrogs
  A wyvern zombie (D:6)
  3 scorpions
  6 killer bees
  5 wights (D:10)
  3 howler monkeys (D:9)
  4 centaur zombies
  4 orc priests
  A hound (D:5)
  A jelly (D:7)
  Crazy Yiuf (D:2)
  3 iguanas
  Ijyb (D:3)
  Terence (D:3)
  Natasha (thrice) (D:2)
  5 orc wizards
  A hound skeleton (D:5)
  Robin (D:3)
  3 howler monkey zombies
  21 gnolls
  2 adders
  2 shadow imps
  2 white imps
  3 dart slugs
  31 orcs
  4 ball pythons
  7 bats
  9 endoplasms
  4 giant cockroaches
  33 goblins
  24 hobgoblins
  4 jackals (D:4)
  2 quokkas (D:2)
  4 frilled lizards
  19 kobolds
  6 rats
263 creatures vanquished.

Vanquished Creatures (others)
  2 orc wizards
  A plant (D:5)
3 creatures vanquished.

Grand Total: 266 creatures vanquished

Notes
Turn   | Place    | Note
-------+----------+-------------------------------------------
     0 | D:1      | KamiKatze the Gargoyle Berserker began the quest for the
                  | Orb.
     0 | D:1      | Reached XP level 1. HP: 14/14 MP: 1/1
   205 | D:1      | Reached XP level 2. HP: 18/19 MP: 2/2
   222 | D:1      | Reached skill level 3 in Axes
   593 | D:1      | Reached XP level 3. HP: 23/23 MP: 3/3
  1033 | D:2      | Reached ** piety under Trog
  1126 | D:2      | Found a runed translucent door.
  1127 | D:2      | Noticed Crazy Yiuf
  1134 | D:2      | Killed Crazy Yiuf
  1135 | D:2      | Reached XP level 4. HP: 22/29 MP: 4/4
  1375 | D:2      | Found a faded altar of an unknown god.
  1408 | D:2      | Noticed Natasha
  1413 | D:2      | Killed Natasha
  1635 | D:2      | Noticed Natasha
  1642 | D:2      | Killed Natasha
  1643 | D:2      | Reached XP level 5. HP: 23/33 MP: 5/5
  1714 | D:2      | Noticed Natasha
  1724 | D:2      | Killed Natasha
  1725 | D:2      | Reached skill level 4 in Axes
  1786 | D:3      | Noticed Sigmund
  1811 | D:3      | Killed Sigmund
  1812 | D:3      | Reached XP level 6. HP: 32/39 MP: 6/6
  2072 | D:3      | Found an iron altar of Okawaru.
  2199 | D:3      | Found an ornate altar of the Wu Jian Council.
  2199 | D:3      | Found a shimmering blue altar of Sif Muna.
  2345 | D:3      | Noticed Ijyb
  2355 | D:3      | Killed Ijyb
  2356 | D:3      | Reached skill level 5 in Axes
  2370 | D:3      | Noticed Robin
  2494 | D:3      | Found a white marble altar of Elyvilon.
  2529 | D:3      | Noticed Terence
  2534 | D:3      | Killed Terence
  2904 | D:3      | Killed Robin
  2904 | D:3      | Reached *** piety under Trog
  2905 | D:3      | Reached XP level 7. HP: 44/44 MP: 7/7
  3114 | D:4      | Reached skill level 5 in Fighting
  3661 | D:4      | Noticed Blork the orc
  3669 | D:4      | Killed Blork the orc
  4073 | D:4      | Found a shadowy altar of Dithmenos.
  4091 | D:4      | Found a broken altar of Ashenzari.
  4100 | D:4      | Reached skill level 6 in Axes
  4100 | D:4      | Reached skill level 5 in Armour
  4192 | D:5      | Entered Level 5 of the Dungeon
  4193 | D:5      | Found a blossoming altar of Fedhas.
  4235 | D:5      | Reached XP level 8. HP: 51/51 MP: 8/8
  4959 | D:6      | Reached skill level 7 in Axes
  5125 | D:6      | Reached **** piety under Trog
  5216 | D:6      | Noticed a manticore
  5230 | D:6      | Killed a manticore
  5231 | D:6      | Reached XP level 9. HP: 13/57 MP: 9/9
  5630 | D:6      | Found a hide-covered altar of Uskayaw.
  5982 | D:7      | Found a radiant altar of Vehumet.
  6120 | D:6      | Reached skill level 8 in Axes
  6402 | D:6      | Reached skill level 1 in Evocations
  6667 | D:7      | Found the +5 robe of Night {Dark Will+ SInv}
  6877 | D:7      | Noticed Joseph
  7041 | D:7      | Found a staircase to the Ecumenical Temple.
  7050 | Temple   | Entered the Ecumenical Temple
  7274 | D:7      | Killed Joseph
  7465 | D:8      | Noticed a hornet
  7485 | D:8      | Killed a hornet
  7486 | D:8      | Reached skill level 9 in Axes
  7585 | D:8      | Reached XP level 10. HP: 64/64 MP: 10/10
  7757 | D:8      | Identified the +10 dagger of Tonatt {vorpal, Int+7}
  8115 | D:8      | Identified a scroll of acquirement
  9025 | D:10     | Entered Level 10 of the Dungeon
  9161 | D:10     | Found a sacrificial altar of Ru.
  9186 | D:10     | Reached ***** piety under Trog
  9327 | D:10     | Reached skill level 1 in Shields
  9608 | D:10     | Acquired a manual of Armour
  9611 | D:10     | Acquired a +2 kite shield of resistance
  9644 | D:10     | Found a staircase to the Orcish Mines.
  9724 | D:10     | Noticed a two-headed ogre
  9751 | D:10     | Killed a two-headed ogre
  9933 | D:10     | Found a runed translucent door.
  9934 | D:10     | Noticed yoloboy69's ghost (journeyman TrMo)
  9938 | D:10     | Found a burning altar of Makhleb.
  9938 | D:10     | Noticed an Executioner
 10080 | D:11     | Reached skill level 10 in Axes
 10085 | D:11     | Identified the +0 ring mail "Cudeguxte" {rCorr Str+2}
 10138 | D:11     | Found a staircase to the Lair.
 10157 | D:11     | Received a gift from Trog
 10177 | D:11     | Reached XP level 11. HP: 37/71 MP: 11/11
 10219 | D:11     | Found a flagged portal.
 10247 | Bailey   | Entered a bailey
 10626 | Bailey   | Noticed an orc knight
 10644 | Bailey   | Killed an orc knight
 10896 | Bailey   | Noticed an orc warlord
 10901 | Bailey   | Noticed an orc knight
 10929 | Bailey   | Killed an orc knight
 10934 | Bailey   | Mangled by an orc warlord

Illustrated notes

Levels and vault maps discovered:
D:1:      eino_arrival_tree_alley, layout_loops_ring, minivault_11
D:2:      layout_loops_ring, shapermc_ecumenical_altar_pompeii,
          grunt_decor_junction, uniq_natasha, uniq_crazy_yiuf_cottage
D:3:      layout_basic, okawaru_ov_weapons_minmay, mainiacjoe_overflow_24_doors,
          gammafunk_temple_overflow_pools, portal_sewer_entry_d,
          hangedman_decor_riveting, uniq_terence, uniq_robin, uniq_sigmund,
          uniq_ijyb
D:4:      layout_basic, grunt_dithmenos_smoke, ashenzari_altar_1, fountainhead,
          uniq_blork_the_orc
D:5:      layout_basic, mainiacjoe_overflow_chevrons
D:6:      layout_rooms, nicolae_uskayaw_murder_on_the_dancefloor
D:7:      layout_cave_pools, vehumet_altar_wand_db, minmay_temple_entry_waves,
          uniq_joseph
D:8:      layout_basic
D:9:      layout_long_grid
D:10:     layout_irregular_city, lemuel_tele_altar, makhleb_altar_promises_db,
          orc_0_dummy, gammafunk_ghost_grave
D:11:     layout_roguey, erik_lair_orcish_takeover, enter_bailey_5,
          grunt_ministairs_12, chequers_serial_rivers_micro_e,
          nicolae_benzene_ring
Temple:   minmay_temple_curvy_loop
Bailey:   bailey_axe_minmay_hex_keep, bailey

Skill      XL: |  1  2  3  4  5  6  7  8  9 10 11 |
---------------+----------------------------------+-----
Axes           | 3 4 5 6 7 9 10 | 10.4
Dodging        | 2 |  2.0
Armour         | 3 4 5 6 7 8 9 |  9.3
Fighting       | 4 5 7 8 9 |  9.2
Evocations     | 2 4 |  4.6
Shields        | 3 4 |  4.8

Action                   |  1- 3 |  4- 6 |  7- 9 | 10-12 || total
-------------------------+-------+-------+-------+-------++-------
Melee: Hand axe          |   120 |    97 |   395 |   282 ||   894
       War axe           |       |       |       |    20 ||    20
       Broad axe         |       |       |       |   137 ||   137
Throw: Stone             |     3 |       |       |       ||     3
       Dart              |       |       |     5 |    12 ||    17
Invok: Berserk           |     2 |     8 |     7 |     2 ||    19
       Trog's Hand       |       |       |     1 |     2 ||     3
Evoke: Wand              |       |       |       |     3 ||     3
  Use: Scroll            |       |     6 |     7 |     9 ||    22
 Stab: Paralysed         |       |       |       |     5 ||     5
Armor: Leather armour    |    49 |    34 |    32 |       ||   115
       Scale mail        |       |       |   178 |   270 ||   448
Dodge: Dodged            |    85 |    55 |   260 |   280 ||   680
Block: Tower shield      |       |       |       |    64 ||    64
       Kite shield       |       |       |       |   157 ||   157
